Map: Terraform LE (Void)

Players

strichcode - Winner!

  • Race: Zerg Zerg
  • League: Gold

nous

  • Race: Terran Terran
  • League: Grandmaster

VOD

Have the link to the VOD?

Description

Time

  • Played on: Sept. 29, 2015, 1:50 p.m.
  • Length: 15:52
Show
View Real Time Build Order
Export as new Build Order

strichcode Zerg - Winner!

Build Orders: Hatch First 

Get SALT Encoding   

  12  0:01  Drone  
  13  0:09  Drone  
  13  0:14  Extractor  
  13  0:15  Extractor  
  13  0:17  Drone  
  14  0:25  Overlord  
  14  0:28  Extractor  
  14  0:32  Drone  
  16  0:52  Hatchery  
  16  0:56  Drone  
  16  0:58  Drone  
  17  1:13  Spawning Pool  
  17  1:14  Drone  
  17  1:17  Extractor  
  16  1:19  Drone  
  17  1:27  Drone  
  18  1:46  Hatchery  
  17  1:59  Queen  
  19  2:05  Queen  
  21  2:11  Zergling x2  
  21  2:14  Drone  
  23  2:19  Zergling x2  
  24  2:32  Drone x2  
  25  2:49  Zergling x6  
  28  2:57  Metabolic Boost  
  28  3:02  Evolution Chamber  
  27  3:07  Spine Crawler  
  23  3:33  Zergling x2  
  23  3:34  Zergling x12  
  27  3:35  Zergling x2  
  27  3:40  Drone  
  32  3:51  Zerg Melee Weapons Level 1  
  32  3:57  Overlord  
  32  4:00  Drone x2  
  34  4:10  Overlord x2  
  32  4:32  Drone x7  
  32  4:33  Drone  
  40  4:39  Queen  
  40  4:44  Drone  
  43  4:50  Drone x3  
  45  4:58  Drone x2  
  45  4:59  Drone x2  
  49  5:09  Overlord x3  
  49  5:28  Zergling x2  
  49  5:29  Zergling x12  
  52  5:43  Zergling x4  
  53  5:51  Zergling x10  
  53  5:52  Zergling x8  
  53  5:57  Zergling x2  
  60  6:01  Zerg Ground Armor Level 1  
  59  6:04  Queen  
  59  6:16  Queen  
  59  6:17  Zergling x2  
  59  6:18  Zergling x12  
  68  6:19  Hatchery  
  68  6:21  Lair  
  67  6:28  Zergling x4  
  69  6:33  Overlord x2  
  69  6:37  Drone, Zergling x4  
  72  6:48  Drone x2  
  72  6:51  Drone x2  
  72  6:52  Drone x4  
  80  7:07  Zergling x2  
  80  7:08  Zergling x20  
  86  7:19  Drone x6  
  87  7:24  Queen  
  89  7:34  Drone  
  89  7:35  Evolution Chamber  
  89  7:40  Drone x3  
  89  7:43  Overlord  
  92  7:49  Hatchery  
  91  7:52  Drone x5  
  91  7:53  Overlord  
  96  7:59  Baneling Nest, Drone, Extractor  
  95  8:06  Drone x4  
  95  8:07  Drone x2  
  95  8:08  Zerg Melee Weapons Level 2  
  95  8:10  Drone  
  102  8:28  Overlord x4  
  102  8:31  Hatchery  
  102  8:32  Infestation Pit  
  100  8:37  Queen  
  102  8:41  Extractor  
  102  8:47  Zergling x8  
  102  8:48  Zergling x22  
  116  8:56  Drone  
  116  8:57  Drone x4  
  116  9:00  Zerg Ground Armor Level 2  
  121  9:11  Drone  
  121  9:13  Extractor  
  121  9:14  Zergling x2  
  121  9:15  Zergling x26  
  135  9:23  Overlord x3  
  135  9:25  Drone x3  
  131  9:39  Zergling x18  
  131  9:40  Zergling x10  
  131  9:45  Hive  
  139  9:57  Drone x2  
  139  9:58  Drone x9, Queen  
  151  10:13  Zergling x2  
  155  10:14  Zergling x26  
  165  10:29  Spire, Extractor  
  165  10:30  Spore Crawler, Extractor  
  165  10:32  Spore Crawler, Drone  
  150  10:47  Zergling x2  
  150  10:48  Zergling x46  
  150  10:49  Overlord x2  
  174  11:05  Queen  
  174  11:08  Zergling x2  
  174  11:09  Zergling x32  
  193  11:16  Adrenal Glands  
  193  11:17  Zerg Melee Weapons Level 3  
  193  11:22  Zerg Ground Armor Level 3  
  179  11:37  Centrifical Hooks  
  179  11:40  Ultralisk Cavern  
  179  11:47  Drone x7  
  180  11:52  Drone x2  
  187  12:08  Overseer  
  187  12:10  Pneumatized Carapace  
  187  12:11  Overseer  
  187  12:13  Overseer x4  
  187  12:33  Hatchery  
  186  12:37  Chitinous Plating  
  186  12:41  Zergling x2  
  186  12:42  Zergling x18  
  195  13:25  Overlord x4  
  195  13:32  Hatchery  
  194  13:35  Extractor  
  194  13:36  Extractor  
  194  13:37  Extractor  
  194  13:39  Extractor  
  187  14:03  Ultralisk  
  187  14:04  Ultralisk  
  199  14:41  Baneling  
  199  14:42  Baneling x27  
  199  14:43  Baneling x31  
  199  14:44  Baneling x29  
  199  14:45  Baneling x8  
Show
View Real Time Build Order
Export as new Build Order

nous Terran 

Build Orders:  

Get SALT Encoding   

  12  0:01  SCV  
  13  0:13  SCV  
  14  0:18  Supply Depot  
  14  0:25  SCV  
  15  0:36  Refinery  
  15  0:41  Barracks  
  15  0:45  SCV  
  16  0:58  Barracks  
  16  1:03  SCV  
  17  1:16  SCV  
  18  1:28  Reaper  
  18  1:31  Orbital Command  
  19  1:42  Supply Depot  
  19  1:46  Reaper  
  20  1:59  SCV  
  21  2:02  Reaper  
  22  2:11  SCV  
  22  2:13  Bunker  
  23  2:19  Reaper  
  24  2:24  SCV  
  25  2:30  Command Center  
  25  2:36  Reaper  
  26  2:56  SCV, Reaper  
  28  3:02  Command Center  
  27  3:08  SCV  
  28  3:20  Reaper  
  29  3:41  Reaper  
  29  3:42  SCV  
  29  3:43  Orbital Command  
  31  4:00  Marine  
  31  4:01  Barracks  
  31  4:04  Barracks  
  31  4:13  Marine  
  32  4:18  Orbital Command  
  32  4:21  Refinery, Barracks  
  26  4:32  SCV  
  26  4:35  Marine x2  
  26  4:37  SCV  
  30  4:39  Supply Depot  
  30  4:43  Supply Depot  
  30  4:44  SCV  
  30  4:48  Supply Depot  
  30  4:49  Orbital Command  
  29  4:53  Marine x3  
  29  4:55  Reaper  
  33  5:06  SCV  
  34  5:11  Reaper x3  
  46  5:21  Orbital Command  
  37  5:27  SCV  
  38  5:32  Bunker  
  38  5:34  Supply Depot  
  30  5:57  Reaper x3  
  30  5:58  Reaper x2  
  30  5:59  SCV x3  
  38  6:11  SCV x2  
  40  6:18  SCV  
  41  6:23  SCV  
  41  6:25  Factory  
  42  6:29  Reaper  
  42  6:30  Barracks Tech Lab, Marine x2  
  42  6:31  Marine  
  47  6:40  SCV  
  47  6:41  SCV x2  
  47  6:43  Refinery x2  
  47  6:45  Engineering Bay  
  49  6:48  Marine x2  
  49  6:49  Reaper  
  49  6:50  Supply Depot, Engineering Bay  
  49  6:51  Supply Depot  
  49  6:52  Supply Depot  
  49  6:54  Stimpack  
  52  7:01  SCV  
  52  7:02  Barracks  
  52  7:03  Barracks  
  52  7:04  Barracks  
  52  7:06  Barracks  
  44  7:23  Marine  
  44  7:26  Factory Reactor  
  44  7:29  SCV x2, Starport  
  47  7:30  SCV  
  48  7:39  Missile Turret  
  48  7:41  Terran Infantry Weapons Level 1, SCV x2, Missile Turret  
  48  7:42  SCV  
  48  7:44  Marine x5  
  51  7:48  Supply Depot  
  51  7:49  Supply Depot, Terran Infantry Armor Level 1  
  51  7:50  Missile Turret  
  51  7:51  Missile Turret  
  56  7:54  Marine  
  56  7:55  Marine x3  
  56  7:56  SCV  
  56  7:57  Orbital Command  
  61  7:59  Supply Depot x2  
  61  8:00  SCV  
  61  8:01  Marine  
  61  8:02  Marine x4  
  67  8:10  Supply Depot  
  67  8:12  Supply Depot, Marine  
  68  8:25  SCV  
  68  8:26  SCV x2  
  71  8:31  Medivac x2  
  71  8:32  Refinery, Factory Reactor  
  71  8:33  Bunker  
  75  8:35  Armory, Refinery  
  75  8:38  Supply Depot, SCV  
  75  8:39  SCV  
  75  8:40  Supply Depot  
  77  8:41  Marine  
  77  8:46  Bunker  
  78  8:49  SCV  
  78  8:50  Supply Depot, SCV  
  78  8:52  Barracks Reactor x2  
  78  8:53  Barracks Reactor x3  
  80  9:00  SCV  
  81  9:03  Missile Turret  
  81  9:05  Missile Turret  
  81  9:08  Missile Turret  
  81  9:14  SCV  
  82  9:21  SCV  
  83  9:27  Marine  
  83  9:29  Widow Mine x2  
  83  9:30  Medivac x2  
  92  9:33  SCV  
  92  9:35  Factory  
  73  9:45  Marine x14  
  72  10:13  Hellion x2  
  67  10:15  SCV  
  67  10:16  Marine  
  67  10:17  Marine  
  70  10:24  Orbital Command  
  63  10:45  Marine  
  63  10:46  Hellion x2  
  63  10:48  SCV  
  69  11:01  Marine x5  
  74  11:18  Refinery  
  68  11:37  SCV  
  68  11:39  Hellion x2, Medivac x2  
  77  11:49  Marine x3  
  77  11:52  Orbital Command  
  80  11:55  Marine x6  
  86  12:10  Hellion  
  86  12:11  Hellion  
  90  12:16  SCV  
  90  12:19  Terran Infantry Weapons Level 2  
  91  12:25  Terran Infantry Armor Level 2  
  91  12:28  SCV x2  
  93  12:31  SCV  
  93  12:33  Marine  
  95  12:42  SCV x2  
  97  12:45  SCV, Missile Turret  
  97  12:48  Refinery  
  98  12:53  Barracks  
  98  12:54  SCV  
  98  12:58  Barracks  
  99  13:01  Barracks  
  96  13:12  Marine x6  
  99  13:14  Hellbat x2  
  99  13:16  Factory Tech Lab  
  99  13:17  SCV  
  106  13:21  Marine  
  107  13:37  SCV  
  107  13:39  SCV  
  107  13:40  SCV, Marine  
  107  13:41  Bunker, Marine x13  
  111  13:43  Supply Depot  
  111  13:44  Supply Depot  
  111  13:45  Hellbat x3  
  111  13:46  Supply Depot  
  111  13:47  Infernal Pre-Igniter  
  111  13:48  Barracks  
  130  13:49  SCV  
  130  13:51  SCV  
  130  13:53  Supply Depot  
  132  13:55  Supply Depot  
  132  13:56  Supply Depot  
  115  14:20  Hellion  
  115  14:21  Hellion x2  
  121  14:42  Hellbat x3  
  127  14:59  Supply Depot  
  127  15:00  Supply Depot  
  127  15:01  Bunker  
  127  15:03  Supply Depot  
  127  15:04  Widow Mine x2  
  127  15:05  Widow Mine  
  127  15:07  SCV  
  134  15:08  Supply Depot  
Tags
 
Add a new tag
Caveats
  • Supply blocks, unpowered buildings, or Contaminate may cause inaccurate times.
  • Supply counts are checked every 10 seconds.